 Dungeon Crawl Stone Soup version 0.29.1-1-gd02db69 (webtiles) character file.

Game seed: 5971853418081429473

65 PelicanTaco the Chiller (level 3, -3/28 HPs)
             Began as a Draconian Ice Elementalist on Dec 16, 2022.
             Killed from afar by Natasha (6 damage)
             ... with a puff of flame
             ... on level 2 of the Dungeon.
             The game lasted 00:39:51 (2694 turns).

PelicanTaco the Chiller (DrIE)                      Turns: 2694, Time: 00:39:52

Health: -3/28      AC:  5    Str: 12    XL:     3   Next: 94%
Magic:  0/6        EV: 12    Int: 15    God:
Gold:   98         SH:  0    Dex: 11    Spells: 2/6 levels left

rFire   . . .      SeeInvis +   k - +1 trident
rCold   . . .      Faith    .   (no shield)
rNeg    . . .      Spirit   +   (body armour unavailable)
rPois   +          Reflect  .   (helmet restricted)
rElec   .          Harm     .   (no cloak)
rCorr   .          Rampage  .   (no gloves)
Will    .....                   (no boots)
Stlth   ++........              b - amulet of guardian spirit
HPRegen 0.09/turn               t - ring of poison resistance
MPRegen 0.10/turn               h - ring of see invisible

@: very slightly contaminated
A: AC +5, unfitting armour, cold-blooded
a: no special abilities


You were on level 2 of the Dungeon.
You visited 1 branch of the dungeon, and saw 2 of its levels.

You collected 98 gold pieces.

Inventory:

Hand Weapons
 c - a +0 club
 f - a +0 short sword
 k - a +1 trident (weapon)
 n - a +0 mace
 q - a +0 dagger
 r - a +0 club
 v - a +0 club
 x - a +0 hand axe
 y - a +0 club
 A - a +0 short sword
 B - a +0 club
 D - a +0 whip
 F - a +0 club
 G - a +0 short sword
Missiles
 l - 2 poisoned darts
Armour
 g - a +0 robe
 i - a +0 robe
 o - a +0 helmet
 C - a +0 ring mail
 H - a +0 scale mail
 I - a +1 ring mail of poison resistance
Magical Staves
 u - a staff of fire
Jewellery
 b - an amulet of guardian spirit (around neck)
 e - a ring of wizardry
 h - a ring of see invisible (right hand)
 t - a ring of poison resistance (left hand)
Wands
 w - a wand of light (10)
Scrolls
 s - a scroll of amnesia
 E - a scroll of fog {unknown}
Potions
 a - a potion of magic
 d - 2 potions of brilliance
 j - a potion of ambrosia {unknown}
 m - 2 potions of curing {unknown}
 p - a potion of mutation {unknown}
 z - a potion of invisibility {unknown}


   Skills:
 + Level 1.0 Fighting
 + Level 1.0 Short Blades
 + Level 0.9 Maces & Flails
 + Level 0.6 Polearms
 + Level 2.2 Dodging
 + Level 2.3 Stealth
 + Level 2.0 Spellcasting
 + Level 4.4 Ice Magic


You had 2 spell levels left.
You knew the following spells:

 Your Spells              Type           Power      Damage    Failure   Level
a - Freeze                Ice            56%        1d7       3%          1
b - Frozen Ramparts       Ice            28%        1d5       11%         3

Your spell library contained the following spells:

 Spells                   Type           Power      Damage    Failure   Level
 Ozocubu's Armour         Ice            14%        N/A       11%         3
 Hailstorm                Conj/Ice       8%         3d4       65%         4


Dungeon Overview and Level Annotations

Branches:
Dungeon (2/15)

Altars:
Vehumet

Shops:
D:2 (

Annotations:
D:2 Natasha


Innate Abilities, Weirdness & Mutations

Your plain brown scales are hard. (AC +5)
You cannot fit into any form of body armour.
You are cold-blooded and may be slowed by cold attacks.


Message History

Natasha barely misses you.
You completely miss Natasha. You tail-slap Natasha.
Natasha is lightly wounded.
Natasha claws you.
You closely miss Natasha.
Natasha is lightly wounded.
Natasha zaps a wand.
The puff of flame misses you. Natasha barely misses you.
You barely miss Natasha.
Natasha is lightly wounded.
Natasha zaps a wand.
The puff of flame misses you.
Casting: Freeze (safe; 3% risk of failure)
Confirm with . or Enter, or press ? or * to list all spells.
Aiming: Freeze (safe; 3% risk of failure)
Press: ? - help, Shift-Dir - straight line, f - Natasha
Aim: Natasha, carrying a wand of flame (6) (lightly wounded)
You freeze Natasha.
Natasha is heavily wounded.
Natasha stares at you and mumbles some strange words.
You resist with significant effort.
Casting: Freeze (safe; 3% risk of failure)
Confirm with . or Enter, or press ? or * to list all spells.
You don't know that spell.
You can't go up here!
Casting: Freeze (safe; 3% risk of failure)
Confirm with . or Enter, or press ? or * to list all spells.
The spell is quite dangerous to miscast (11% risk of failure)!
Continue anyway?
Casting: Frozen Ramparts (quite dangerous; 11% risk of failure)
Press: ? - help, Dir - look around, f - activate You miscast Frozen Ramparts.
You are very lightly contaminated with residual magic.
Nothing appears to happen.
Natasha casts a spell at you. The magic dart hits you!
* * * LOW HITPOINT WARNING * * *
Natasha howls an incantation.
Natasha shimmers violently.
Natasha zaps a wand.
The puff of flame hits you.
* * * LOW HITPOINT WARNING * * *
Natasha zaps a wand.
The puff of flame hits you.
You die...

#....# .#.......#
#.#####.##.....#
#.......# #...#
#####.####### ##'##
#.........# #.#
#.###.###.# #.# #.#
#.# #.# ####.#######
#.#
#.###.###...........
#.#
#<...h..@......#####
#.#######.#####...##
#.........# ##.##
########### ###


You could see Natasha.

Vanquished Creatures
  Natasha (D:2)
  An adder (D:2)
  A dart slug (D:1)
  A ball python (D:2)
  5 endoplasms
  2 giant cockroaches (D:1)
  3 goblins
  4 hobgoblins
  5 bats
  A frilled lizard (D:1)
  4 kobolds
  A rat (D:1)
29 creatures vanquished.

Vanquished Creatures (others)
  10 fungi (D:1)
  2 plants (D:1)
12 creatures vanquished.

Grand Total: 41 creatures vanquished

Notes
Turn   | Place    | Note
-------+----------+-------------------------------------------
     0 | D:1      | PelicanTaco the Draconian Ice Elementalist began the quest
                  | for the Orb.
     0 | D:1      | Reached XP level 1. HP: 14/14 MP: 3/3
   444 | D:1      | Reached XP level 2. HP: 19/20 MP: 5/5
  1628 | D:2      | Found a radiant altar of Vehumet.
  2097 | D:2      | Reached XP level 3. HP: 27/27 MP: 6/6
  2196 | D:2      | Learned a level 3 spell: Frozen Ramparts
  2375 | D:2      | Noticed Natasha
  2384 | D:2      | Killed Natasha
  2385 | D:2      | Reached skill level 1 in Fighting
  2385 | D:2      | Reached skill level 1 in Short Blades
  2440 | D:2      | Found Ycymib's Antique Weapon Boutique.
  2680 | D:2      | Noticed Natasha
  2694 | D:2      | Killed from afar by Natasha

Illustrated notes

Levels and vault maps discovered:
D:1:      wander_arrival_fairy_ring, layout_basic, serial_forest,
          infiniplex_forest_diagonal, infiniplex_forest_lined_1,
          infiniplex_forest_end_1, infiniplex_forest_zigzag_1,
          infiniplex_forest_lined_3_way, infiniplex_forest_straight_3,
          infiniplex_forest_straight_2, infiniplex_forest_straight_2,
          infiniplex_forest_lined_room_, infiniplex_forest_clump_diagonal,
          minmay_pentomino_p2
D:2:      layout_loops_corners, basic_altar, serial_shops, shop, uniq_natasha

Skill      XL: |  1  2  3 |
---------------+----------+-----
Dodging        | 2 |  2.2
Fighting       | 1 |  1.0
Short Blades   | 1 |  1.0
Stealth        | 2 |  2.3
Maces & Flails | |  0.9
Polearms       | |  0.6
Spellcasting   | |  2.0
Ice Magic      | |  4.4

Action                   || total
-------------------------++-------
Melee: Club              ||    14
       Short sword       ||    29
       Unarmed           ||     6
       Tailslap          ||    23
       Trident           ||    82
 Cast: Freeze            ||     1
  Use: Scroll            ||     5
 Stab: Sleeping          ||     6
Armor: Skin              ||    33
Dodge: Dodged            ||    72
